 Dungeon Crawl Stone Soup version 0.18-a0-1497-g788d838 (webtiles) character file.

2725 glosham the Basher (level 9, -1/102 HPs)
             Began as an Ogre Fighter on Mar 2, 2016.
             Was a Believer of Trog.
             Engulfed by a cloud of freezing vapour (9 damage)
             ... in an ice cave on Mar 4, 2016.
             The game lasted 01:12:35 (4733 turns).

glosham the Basher (Ogre Fighter)                   Turns: 4733, Time: 01:12:35

Health: -1/102     AC:  4    Str: 29    XL:     9   Next: 67%
Magic:  0/9        EV:  8    Int:  9    God:    Trog [**....]
Gold:   305        SH:  9    Dex:  9    Spells: 0 memorised, 8 levels left

rFire  . . .     SeeInvis .     a - +8 war axe of Summer {distort, rElec Str-3 Int+7}
rCold  + . .     Gourm    .     X - +1 robe {rN+}
rNeg   + + .     Faith    .     Z - +0 shield
rPois  +         Spirit   +     W - +0 hat "Gagasmeux" {rC+ rN+ Str+6 Int-5}
rElec  +         Dismiss  .     (no cloak)
rCorr  .         Reflect  .     (gloves unavailable)
SustAt .         Harm     .     (boots unavailable)
MR     .....                    z - amulet of guardian spirit
Stlth  +.........               (no ring)
                                A - ring of poison resistance

@: not resistant to hostile enchantments, very unstealthy
A: unfitting armour, tough skin 1
a: Berserk, Trog's Hand, Burn Spellbooks, Renounce Religion


You were in an ice cave.
You worshipped Trog.
Trog was pleased with you.
You were very hungry.

You visited 1 branch of the dungeon, and saw 11 of its levels.
You also visited: Sewer and Ice Cave.

You collected 305 gold pieces.

Inventory:

Hand Weapons
 a - the +8 war axe of Summer (weapon) {distort, rElec Str-3 Int+7}
   (You found it on level 5 of the Dungeon)

   It warps and distorts space around it.
   Unwielding it can cause banishment or high damage.
   It affects your strength (-3).
   It affects your intelligence (+7).
   It insulates you from electricity.
 b - a +1 giant spiked club
 c - a +0 blowgun
Missiles
 j - a throwing net (quivered)
 n - 6 tomahawks of dispersal
 q - 50 poisoned needles
 r - 78 stones
Armour
 T - the +0 robe "Dabuset" {rPois MR- Str-2 Dex+10}
   (You found it on level 4 of the Dungeon)

   It affects your strength (-2).
   It affects your dexterity (+10).
   It protects you from poison.
   It affects your resistance to hostile enchantments.
 W - the +0 hat "Gagasmeux" (worn) {rC+ rN+ Str+6 Int-5}
   (You acquired it in a sewer)

   It affects your strength (+6).
   It affects your intelligence (-5).
   It protects you from cold.
   It protects you from negative energy.
 X - a +1 robe of positive energy (worn)
 Z - a +0 shield (worn)
Magical Staves
 s - an uncursed staff of cold {unknown}
Jewellery
 z - an amulet of guardian spirit (around neck)
 A - a ring of poison resistance (left hand)
Wands
 g - a wand of digging (22/24)
 h - a wand of slowing (16/48)
 i - a wand of flame (24/48)
Scrolls
 k - a scroll of remove curse
 x - a scroll of teleportation
 y - a scroll of enchant armour
Potions
 d - 2 potions of might
 e - 2 potions of invisibility
 l - a potion of flight
 m - 4 potions of curing
 p - 2 potions of mutation {unknown}
 t - a potion of cure mutation {!q}
 u - a potion of cancellation
 v - 2 potions of degeneration {unknown}
 B - a potion of haste {unknown}
Books
 C - a book of Alchemy

   Spells                             Type                      Level
   a - Sublimation of Blood           Necromancy                   2
   b - Ignite Poison                  Fire/Transmutation/Poison    3
   c - Petrify                        Transmutation/Earth          4
   d - Alistair's Intoxication        Transmutation/Poison         5
   e - Irradiate                      Conjuration/Transmutation    5
   Trog disapproves of the use of such an item.
Comestibles
 f - 8 bread rations
 w - 2 meat rations
 D - 3 chunks of flesh


   Skills:
 * Level 10.7 Fighting
 * Level 13.2 Maces & Flails
 - Level 2.6 Dodging
 - Level 2.6 Shields


You had 8 spell levels left.
You didn't know any spells.

Dungeon Overview and Level Annotations

Branches:
Dungeon (11/15)            Temple (0/1) D:5
   Lair: D:8-11         Orc: D:9-12

Altars:
Ashenzari
Elyvilon
Fedhas
Gozag
Kikubaaqudgha
Qazlal
Trog
Zin
The Shining One


Innate Abilities, Weirdness & Mutations

You are too large for most types of armour.
You have tough skin (AC +1).


Message History

The wolf bites you.
* * * LOW HITPOINT WARNING * * *
You closely miss the wolf. The wolf bites you.
* * * LOW HITPOINT WARNING * * *
The wolf barely misses you.
You slash the wolf!
The wolf is almost dead.
The wolf blinks!
You block the wolf's attack. The wolf bites you.
* * * LOW HITPOINT WARNING * * *
You slash the wolf!
You kill the wolf!
Trog accepts your kill. The wolf bites you.
* * * LOW HITPOINT WARNING * * *
You slice the wolf!!
Space warps horribly around the wolf!
You kill the wolf!
Trog accepts your kill.
You hear a bellow!
The wolf bites you.
* * * LOW HITPOINT WARNING * * *
You barely miss the wolf.
You are engulfed in freezing vapours.
You resist.
* * * LOW HITPOINT WARNING * * *
You block the wolf's attack. x2
Drink which item? (? for menu, Esc to quit)
You feel much better.
You are engulfed in freezing vapours.
You resist.
* * * LOW HITPOINT WARNING * * *
The wolf bites you.
* * * LOW HITPOINT WARNING * * *
The wolf barely misses you.
You closely miss the wolf.
You are engulfed in freezing vapours.
You resist.
* * * LOW HITPOINT WARNING * * *
You block the wolf's attack. The wolf bites you.
* * * LOW HITPOINT WARNING * * *
Drink which item? (? for menu, Esc to quit)
You feel better.
You are engulfed in freezing vapours.
You resist.
* * * LOW HITPOINT WARNING * * *
The wolf misses you. The wolf bites you but does no damage.
Drink which item? (? for menu, Esc to quit)
You feel better.
You are engulfed in freezing vapours.
You resist.
You die...

######## ##....#.#
##..##..(. #..#
##..# .# ###
#..###..## ..h# ##..
##...##..#
#.Y.#..####
##...#....##
#..hh#.÷##
#...####...#
#†#@§.#####.#.####..
##h##..§##.#.## ##.
#######§...## ##
###### #


You could see a wolf.

Vanquished Creatures
  2 polar bears (IceCv)
  3 yaks (IceCv)
  A hungry ghost (D:9)
  4 wolves (IceCv)
  Purgy (Sewer)
  A phantom (D:4)
  A centaur (D:6)
  3 ogres
  2 giant frog zombies
  2 hounds
  2 orc priests
  A centaur skeleton (D:9)
  Terence (D:3)
  An iguana (D:7)
  2 orc wizards
  A worker ant (D:4)
  A gnoll (D:1)
  4 adders
  An adder skeleton (D:4)
  2 worms
  A dart slug (D:1)
  10 orcs
  17 bats
  3 giant cockroaches (D:1)
  4 goblins
  7 hobgoblins
  5 jackals
  9 kobolds
  5 quokkas
  A ball python skeleton (D:4)
  5 giant newts
  7 rats
  3 rat zombies (D:3)
113 creatures vanquished.

Vanquished Creatures (others)
  An ice statue (IceCv)
  A yak (IceCv)
  A wolf (IceCv)
3 creatures vanquished.

Grand Total: 116 creatures vanquished

Notes
Turn   | Place    | Note
--------------------------------------------------------------
     0 | D:1      | glosham the Ogre Fighter began the quest for the Orb.
     0 | D:1      | Reached XP level 1. HP: 24/24 MP: 1/1
    39 | D:1      | Reached skill level 3 in Maces & Flails
   148 | D:1      | Reached XP level 2. HP: 32/32 MP: 2/2
   498 | D:1      | Reached skill level 4 in Maces & Flails
  1081 | D:1      | Reached XP level 3. HP: 4/39 MP: 3/3
  1148 | D:2      | Found a bloodstained altar of Trog.
  1153 | D:2      | Became a worshipper of Trog the Wrathful
  1306 | D:2      | Reached skill level 5 in Maces & Flails
  1329 | D:2      | Found an opulent altar of Gozag.
  1331 | D:2      | Found a glowing golden altar of the Shining One.
  1628 | D:3      | Found a shattered altar of Ashenzari.
  1765 | D:3      | Reached XP level 4. HP: 48/48 MP: 2/4
  1803 | D:3      | Reached * piety under Trog
  1923 | D:3      | Upgraded the game from 0.18-a0-1481-g708b138 to 0.18-a0-1485-g189885c
  1957 | D:3      | Reached skill level 6 in Maces & Flails
  2070 | D:3      | Found an ancient bone altar of Kikubaaqudgha.
  2142 | D:3      | Noticed Terence
  2151 | D:3      | Killed Terence
  2151 | D:3      | Reached XP level 5. HP: 54/54 MP: 5/5
  2302 | D:4      | Noticed an ogre
  2332 | D:4      | Killed an ogre
  2332 | D:4      | Reached skill level 7 in Maces & Flails
  2491 | D:4      | Reached skill level 8 in Maces & Flails
  2491 | D:4      | Reached XP level 6. HP: 34/62 MP: 2/6
  2509 | D:4      | Noticed a phantom
  2614 | D:4      | Got a brightly glowing robe
  2615 | D:4      | Identified the +0 robe "Dabuset" {rPois MR- Str-2 Dex+10} (You found it on level 4 of the Dungeon)
  2806 | D:4      | Reached ** piety under Trog
  3168 | D:4      | Killed a phantom
  3168 | D:4      | Reached skill level 9 in Maces & Flails
  3280 | D:5      | Entered Level 5 of the Dungeon
  3297 | D:5      | Reached XP level 7. HP: 64/70 MP: 5/7
  3358 | D:5      | Got a brightly glowing war axe
  3359 | D:5      | Identified the +8 war axe of Summer {distort, rElec Str-3 Int+7} (You found it on level 5 of the Dungeon)
  3377 | D:5      | Found a staircase to the Ecumenical Temple.
  3429 | D:6      | Found a blossoming altar of Fedhas.
  3435 | D:6      | Reached skill level 10 in Maces & Flails
  3527 | D:6      | Noticed a troll
  3576 | D:6      | Found a glowing drain.
  3587 | Sewer    | Entered a sewer
  3768 | Sewer    | Noticed Purgy
  3777 | Sewer    | Killed Purgy
  3777 | Sewer    | Reached skill level 5 in Fighting
  3801 | Sewer    | Identified a scroll of acquirement
  3802 | Sewer    | Got an ichor-stained hat
  3808 | Sewer    | Identified the +0 hat "Gagasmeux" {rC+ rN+ Str+6 Int-5} (You acquired it in a sewer)
  3895 | D:6      | Found a stormy altar of Qazlal.
  3895 | D:6      | Found a glowing silver altar of Zin.
  4210 | D:8      | Found a white marble altar of Elyvilon.
  4234 | D:8      | Reached skill level 6 in Fighting
  4234 | D:8      | Reached XP level 8. HP: 70/83 MP: 6/8
  4343 | D:9      | Reached skill level 11 in Maces & Flails
  4388 | D:10     | Entered Level 10 of the Dungeon
  4401 | D:10     | Reached skill level 7 in Fighting
  4421 | D:11     | Upgraded the game from 0.18-a0-1485-g189885c to 0.18-a0-1497-g788d838
  4428 | D:11     | Found a frozen archway.
  4433 | IceCv    | Entered an ice cave
  4439 | IceCv    | Noticed a yak
  4439 | IceCv    | Noticed a polar bear
  4439 | IceCv    | Noticed a polar bear
  4439 | IceCv    | Noticed a yak
  4451 | IceCv    | Killed a yak
  4454 | IceCv    | Killed a yak
  4454 | IceCv    | Reached skill level 8 in Fighting
  4459 | IceCv    | Killed a polar bear
  4459 | IceCv    | Reached skill level 12 in Maces & Flails
  4476 | IceCv    | Reached skill level 9 in Fighting
  4476 | IceCv    | Reached XP level 9. HP: 51/98 MP: 6/9
  4489 | IceCv    | Killed a polar bear
  4502 | IceCv    | Noticed an ice statue
  4688 | IceCv    | Banished an ice statue
  4688 | IceCv    | Reached skill level 10 in Fighting
  4722 | IceCv    | Reached skill level 13 in Maces & Flails
  4724 | IceCv    | Noticed a polar bear
  4729 | IceCv    | HP: 4/102 [something (13)]
  4731 | IceCv    | HP: 1/102 [wolf (1)]
  4733 | IceCv    | Engulfed by a cloud of freezing vapour

Vault maps used:
D:1:      dpeg_arrival_oval
D:2:      lightli_temple_of_fire, nicolae_overflow_hidden_temple,
          nicolae_gozag_seed_capital
D:3:      ashenzari_conservatory_becter, lemuel_zombie_altar_kikubaaqudgha,
          first_bread, minmay_mini_jars, uniq_terence
D:4:      dk_noncrumbling_2
D:5:      okawaru_altar_gauntlet_db, minmay_temple_entry_water_ring
D:6:      kennysheep_mini_moat, makhleb_grotto_becter,
          gammafunk_temple_overflow_wave, portal_sewer_entry_d,
          grunt_pakellas_mercury
D:7:      lemuel_ice_statue, overflow_temple_1_default, roderic_batcave
D:8:      lemuel_round_altar, grunt_ministairs_12
D:9:      vehumet_crystals, nicolae_overflow_crystal_walls, serial_curves,
          eino_curves_02, eino_curves_04, minmay_door_square, uniq_maurice
D:10:     enter_trove_1
D:11:     lair_0_dummy, orc_0_dummy, portal_ice_cave_entry_pillars_01
Sewer:    sewer_big_baddie
IceCv:    ice_cave_caverns_03

Skill      XL: |  1  2  3  4  5  6  7  8  9 |
---------------+----------------------------+-----
Maces & Flails | 3 4 5 6 8 9 10 12 13 | 13.2
Fighting       | 6 9 10 | 10.7
Dodging        | |  2.6
Shields        | |  2.6

Action                   |  1- 3 |  4- 6 |  7- 9 || total
-------------------------+-------+-------+-------++-------
Melee: Flail             |   109 |    95 |       ||   204
       Giant spiked club |       |    41 |     1 ||    42
       War axe           |       |       |   102 ||   102
 Fire: Blowgun           |       |     5 |       ||     5
Throw: Throwing net      |     1 |       |     1 ||     2
Invok: Berserk           |       |     2 |       ||     2
Evoke: Wand              |       |       |     1 ||     1
  Use: Scroll            |     5 |     7 |     7 ||    19
       Potion            |       |       |     3 ||     3
 Stab: Sleeping          |     1 |       |       ||     1
  Eat: Chunk             |     3 |     2 |     5 ||    10
       Meat ration       |       |     1 |     1 ||     2

Table legend:
 A = Turns spent in this place as a percentage of turns spent in the entire game.
 B = Non-inter-level travel turns spent in this place as a percentage of non-inter-level travel turns spent in the entire game.
 C = Inter-level travel turns spent in this place as a percentage of turns spent in this place.
 D = Turns resting spent in this place as a percentage of non-inter-level travel turns spent in this place.
 E = Turns spent auto-exploring this place as a percentage of non-inter-level travel turns spent in this place.
 F = Non-inter-level travel turns spent in this place divided by the number of levels of this place that you've seen.
                   A       B       C       D       E      F
               +-------+-------+-------+-------+-------+----------------------
         Total | 100.0 | 100.0 |   0.5 |   0.5 |   0.2 | 248.5
       Dungeon |  92.9 |  92.9 |   0.6 |   0.3 |   0.2 | 272.8
         Sewer |   2.5 |   2.5 |   0.0 |   4.9 |   0.0 |  82.0
      Ice Cave |   4.6 |   4.6 |   0.0 |   2.7 |   0.0 | 148.0
               +-------+-------+-------+-------+-------+----------------------

Table legend:
 A = Kills in this place as a percentage of kills in entire the game.
 B = Kills by you in this place as a percentage of kills by you in the entire game.
 C = Kills by friends in this place as a percentage of kills by friends in the entire game.
 D = Other kills in this place as a percentage of other kills in the entire game.
 E = Experience gained in this place as a percentage of experience gained in the entire game.
 F = Experience gained in this place divided by the number of levels of this place that you have seen.
                   A       B       C       D       E      F
               +-------+-------+-------+-------+-------+----------------------
         Total | 100.0 | 100.0 |  -nan | 100.0 | 100.0 | 299.5
       Dungeon |  86.0 |  86.7 |  -nan |   0.0 |  37.3 | 132.1
         Sewer |   5.3 |   5.3 |  -nan |   0.0 |   3.8 | 147.0
      Ice Cave |   8.8 |   8.0 |  -nan | 100.0 |  58.9 | 2294.0
               +-------+-------+-------+-------+-------+----------------------

Vault maps used:
D:1:      dpeg_arrival_oval
D:2:      lightli_temple_of_fire, nicolae_overflow_hidden_temple,
          nicolae_gozag_seed_capital
D:3:      ashenzari_conservatory_becter, lemuel_zombie_altar_kikubaaqudgha,
          first_bread, minmay_mini_jars, uniq_terence
D:4:      dk_noncrumbling_2
D:5:      okawaru_altar_gauntlet_db, minmay_temple_entry_water_ring
D:6:      kennysheep_mini_moat, makhleb_grotto_becter,
          gammafunk_temple_overflow_wave, portal_sewer_entry_d,
          grunt_pakellas_mercury
D:7:      lemuel_ice_statue, overflow_temple_1_default, roderic_batcave
D:8:      lemuel_round_altar, grunt_ministairs_12
D:9:      vehumet_crystals, nicolae_overflow_crystal_walls, serial_curves,
          eino_curves_02, eino_curves_04, minmay_door_square, uniq_maurice
D:10:     enter_trove_1
D:11:     lair_0_dummy, orc_0_dummy, portal_ice_cave_entry_pillars_01
Sewer:    sewer_big_baddie
IceCv:    ice_cave_caverns_03
